 Dungeon Crawl Stone Soup version 0.24-a0-284-g9fb9971 (webtiles) character file.

Game seed: 11459676673233144960

695 gruber the Charmwright (level 7, -1/56 HPs)
             Began as a Gnoll Skald on May 6, 2019.
             Slain by Pikel
             ... wielding a +0 whip of flaming
              (6 damage)
             ... on level 4 of the Dungeon.
             The game lasted 00:07:58 (3557 turns).

gruber the Charmwright (Gnoll Skald)                Turns: 3557, Time: 00:07:59

Health: -1/56      AC:  6    Str: 13    XL:     7   Next: 64%
Magic:  15/15      EV: 14    Int: 18    God:
Gold:   265        SH:  0    Dex: 14    Spells: 8/17 levels left

rFire    x . .     SeeInvis .   q - +0 dagger (venom)
rCold    + . .     Gourm    .   (no shield)
rNeg     . . .     Faith    .   b - +0 leather armour
rPois    .         Spirit   .   p - +2 helmet
rElec    .         Reflect  .   (no cloak)
rCorr    .         Harm     .   (no gloves)
MR       .....                  (no boots)
Stlth    ++........             (no amulet)
HPRegen  0.18/turn              e - ring of wizardry
MPRegen  0.14/turn              f - ring of ice

@: no status effects
A: distributed training, fangs 1, strong nose
a: no special abilities


You were on level 4 of the Dungeon.
You were hungry.

You visited 1 branch of the dungeon, and saw 4 of its levels.

You collected 265 gold pieces.

Inventory:

Hand Weapons
 a - a +0 spear
 q - a +0 dagger of venom (weapon)
 s - a +2 war axe of flaming
Missiles
 i - 7 javelins (quivered)
Armour
 b - a +0 leather armour (worn)
 p - a +2 helmet (worn)
Jewellery
 e - a ring of wizardry (left hand)
 f - a ring of ice (right hand)
Scrolls
 c - 4 scrolls of teleportation
 j - 2 scrolls of remove curse
 k - a scroll of fog {unknown}
 l - 2 scrolls of enchant armour {unknown}
 m - a scroll of fear {unknown}
Potions
 h - a potion of flight {unknown}
 n - a potion of magic
 r - a potion of ambrosia {unknown}
Comestibles
 d - 5 rations


   Skills:
 + Level 5.3 Fighting
 + Level 2.5 Short Blades
 + Level 2.5 Long Blades
 + Level 2.5 Axes
 + Level 2.5 Maces & Flails
 + Level 5.3 Polearms
 + Level 2.5 Staves
 + Level 2.5 Slings
 + Level 2.5 Bows
 + Level 2.5 Crossbows
 + Level 2.5 Throwing
 + Level 3.7 Armour
 + Level 5.3 Dodging
 + Level 2.5 Stealth
 + Level 2.5 Shields
 + Level 2.5 Unarmed Combat
 + Level 5.6 Spellcasting
 + Level 2.1 Conjurations
 + Level 2.1 Hexes
 + Level 5.8 Charms
 + Level 2.1 Summonings
 + Level 2.1 Necromancy
 + Level 2.1 Translocations
 + Level 2.1 Transmutations
 + Level 2.1 Fire Magic
 + Level 2.1 Ice Magic
 + Level 2.1 Air Magic
 + Level 2.1 Earth Magic
 + Level 2.1 Poison Magic
 + Level 2.8 Invocations
 + Level 2.5 Evocations


You had 8 spell levels left.
You knew the following spells:

 Your Spells              Type           Power        Failure   Level  Hunger
a - Infusion              Chrm           ####         1%          1    None
b - Shroud of Golubria    Chrm/Tloc      ###.......   1%          2    None
c - Regeneration          Chrm/Necr      ###.......   3%          3    ##.....
d - Spectral Weapon       Hex/Chrm       ###.....     3%          3    ##.....

Your spell library contained the following spells:

 Spells                   Type           Power        Failure   Level  Hunger
 Song of Slaying          Chrm           ####....     1%          2    None
 Animate Skeleton         Necr           N/A          2%          1    None


Dungeon Overview and Level Annotations

Branches:
Dungeon (4/15)
 Temple: D:4-7

Altars:
Kikubaaqudgha
Makhleb
Sif Muna
Vehumet
Yredelemnul

Annotations:
D:4 Pikel


Innate Abilities, Weirdness & Mutations

Your experience applies equally to all skills.
You have very sharp teeth.
Your uncanny sense of smell can sniff out nearby items.


Message History

Pikel burns you.
* * * LOW HITPOINT WARNING * * *
Pikel hits you with a +0 whip of flaming!
* * * LOW HITPOINT WARNING * * *
Pikel burns you.
* * * LOW HITPOINT WARNING * * *
You feel better. Pikel barely misses you. Pikel closely misses you.
Pikel closely misses you.
Pikel rages.
Pikel closely misses you.
Pikel looks more healthy.
Pikel hits you with a +0 whip of flaming!
* * * LOW HITPOINT WARNING * * *
Pikel burns you.
* * * LOW HITPOINT WARNING * * *
Pikel rages.
Pikel rages.
Pikel hits you with a +0 whip of flaming.
You die...

#...........######
#.#########.# #.#
#.# #.# #.# #.#
#.#### #.# #....#
#p# ####.# #K# #.#
#@# #.# #.# #.#
#.# #.# #.# #.#
#.# #.# #.# #.#
#.# #.### #.#
#...# #.# ###.#


You could see Pikel (berserk) and a slave.

Vanquished Creatures
  Edmund (D:4)
  3 slaves (D:4)
  A phantom (D:4)
  An ogre (D:4)
  An orc priest (D:4)
  2 iguanas (D:4)
  Natasha (D:2)
  3 orc wizards (D:4)
  Robin (D:2)
  9 adders
  A shadow imp (D:3)
  3 dart slugs
  6 leopard geckos
  10 orcs
  4 giant cockroaches
  10 hobgoblins
  8 jackals
  4 kobolds
  A quokka (D:3)
  3 ball pythons
  10 bats
  6 frilled lizards
  21 goblins
  9 rats
119 creatures vanquished.

Vanquished Creatures (others)
  A spectral weapon (D:4)
1 creature vanquished.

Grand Total: 120 creatures vanquished

Notes
Turn   | Place    | Note
-------+----------+-------------------------------------------
     0 | D:1      | gruber the Gnoll Skald began the quest for the Orb.
     0 | D:1      | Reached XP level 1. HP: 20/20 MP: 6/6
    65 | D:1      | Reached XP level 2. HP: 26/26 MP: 2/7
   240 | D:1      | Reached XP level 3. HP: 23/31 MP: 7/9
   266 | D:1      | Reached skill level 5 in Spellcasting
   270 | D:1      | Learned a level 2 spell: Shroud of Golubria
   274 | D:1      | Learned a level 3 spell: Regeneration
   278 | D:1      | Learned a level 3 spell: Spectral Weapon
   705 | D:2      | Reached skill level 1 in Invocations
   927 | D:2      | Reached skill level 1 in Short Blades
   927 | D:2      | Reached skill level 1 in Long Blades
   927 | D:2      | Reached skill level 1 in Axes
   927 | D:2      | Reached skill level 1 in Maces & Flails
   927 | D:2      | Reached skill level 1 in Staves
   927 | D:2      | Reached skill level 1 in Slings
   927 | D:2      | Reached skill level 1 in Bows
   927 | D:2      | Reached skill level 1 in Crossbows
   927 | D:2      | Reached skill level 1 in Throwing
   927 | D:2      | Reached skill level 1 in Stealth
   927 | D:2      | Reached skill level 1 in Shields
   927 | D:2      | Reached skill level 1 in Unarmed Combat
   927 | D:2      | Reached skill level 1 in Evocations
   952 | D:2      | Reached XP level 4. HP: 38/38 MP: 11/11
  1013 | D:2      | Noticed Robin
  1028 | D:2      | Killed Robin
  1129 | D:2      | Noticed Natasha
  1141 | D:2      | Killed Natasha
  1141 | D:2      | Reached skill level 1 in Conjurations
  1141 | D:2      | Reached skill level 1 in Hexes
  1141 | D:2      | Reached skill level 1 in Summonings
  1141 | D:2      | Reached skill level 1 in Necromancy
  1141 | D:2      | Reached skill level 1 in Translocations
  1141 | D:2      | Reached skill level 1 in Transmutations
  1141 | D:2      | Reached skill level 1 in Fire Magic
  1141 | D:2      | Reached skill level 1 in Ice Magic
  1141 | D:2      | Reached skill level 1 in Air Magic
  1141 | D:2      | Reached skill level 1 in Earth Magic
  1141 | D:2      | Reached skill level 1 in Poison Magic
  1206 | D:2      | Found an ancient bone altar of Kikubaaqudgha.
  1209 | D:2      | Found a deep blue altar of Sif Muna.
  1213 | D:2      | Found a radiant altar of Vehumet.
  1215 | D:2      | Identified Kikubaaqudgha's Volume of Black Rites
  1301 | D:2      | Found a burning altar of Makhleb.
  1303 | D:2      | Noticed a blizzard demon
  1439 | D:3      | Reached XP level 5. HP: 43/43 MP: 8/12
  2423 | D:4      | Noticed Edmund
  2441 | D:4      | Killed Edmund
  2441 | D:4      | Reached skill level 5 in Fighting
  2441 | D:4      | Reached skill level 5 in Polearms
  2441 | D:4      | Reached skill level 5 in Dodging
  2441 | D:4      | Reached XP level 6. HP: 25/51 MP: 11/14
  2625 | D:4      | Noticed a slave
  2626 | D:4      | Noticed a slave
  2652 | D:4      | Killed a slave
  2676 | D:4      | Killed a slave
  2904 | D:4      | Noticed a slave
  2926 | D:4      | Killed a slave
  3091 | D:4      | Reached XP level 7. HP: 33/56 MP: 8/15
  3360 | D:4      | Found a basalt altar of Yredelemnul.
  3521 | D:4      | Noticed Pikel
  3557 | D:4      | Slain by Pikel

Levels and vault maps discovered:
D:1:      wander_arrival_chamber, layout_basic, minmay_octomino_e4
D:2:      layout_loops_ring, grunt_temple_overflow_magic_moments,
          makhleb_altar_promises_db, uniq_natasha, uniq_robin
D:3:      cheibrodos_greedy_goblins, layout_loops_corners, first_ration,
          minmay_ruptured
D:4:      layout_loops_ring, yredelemnul_altar_generic, uniq_pikel, uniq_edmund

Skill      XL: |  1  2  3  4  5  6  7 |
---------------+----------------------+-----
Spellcasting   | 5 |  5.6
Invocations    | 1 2 |  2.8
Short Blades   | 1 2 |  2.5
Long Blades    | 1 2 |  2.5
Axes           | 1 2 |  2.5
Maces & Flails | 1 2 |  2.5
Staves         | 1 2 |  2.5
Slings         | 1 2 |  2.5
Bows           | 1 2 |  2.5
Crossbows      | 1 2 |  2.5
Throwing       | 1 2 |  2.5
Stealth        | 1 2 |  2.5
Shields        | 1 2 |  2.5
Unarmed Combat | 1 2 |  2.5
Evocations     | 1 2 |  2.5
Conjurations   | 1 2 |  2.1
Hexes          | 1 2 |  2.1
Summonings     | 1 2 |  2.1
Necromancy     | 1 2 |  2.1
Translocations | 1 2 |  2.1
Transmutations | 1 2 |  2.1
Fire Magic     | 1 2 |  2.1
Ice Magic      | 1 2 |  2.1
Air Magic      | 1 2 |  2.1
Earth Magic    | 1 2 |  2.1
Poison Magic   | 1 2 |  2.1
Armour         | 3 |  3.7
Fighting       | 5 |  5.3
Polearms       | 5 |  5.3
Dodging        | 5 |  5.3
Charms         | |  5.8

Action                   |  1- 3 |  4- 6 |  7- 9 || total
-------------------------+-------+-------+-------++-------
Melee: Spear             |   127 |    59 |       ||   186
       Bite              |     6 |    14 |     1 ||    21
       Unarmed           |       |     2 |       ||     2
       Dagger            |       |   133 |     2 ||   135
       Punch             |       |     3 |     1 ||     4
       War axe           |       |     8 |    27 ||    35
Throw: Javelin           |       |       |     3 ||     3
 Cast: Infusion          |     6 |       |       ||     6
       Regeneration      |     3 |     4 |     2 ||     9
       Shroud of Golubri |     1 |     1 |     2 ||     4
       Spectral Weapon   |       |    13 |     2 ||    15
  Use: Scroll            |       |     4 |       ||     4
       Potion            |       |       |     1 ||     1
 Stab: Sleeping          |     4 |     6 |     1 ||    11
       Distracted        |       |     1 |       ||     1
  Eat: Chunk             |       |     8 |     2 ||    10
Armor: Leather armour    |    14 |    35 |     5 ||    54
Dodge: Dodged            |    63 |   110 |    19 ||   192

Table legend:
 A = Non-vault XP
 B = Vault XP
 C = Vault XP percentage of total XP
 D = Non-vault monster count
 E = Vault monster count
 F = Vault count percentage of total count
                 A         B        C        D         E       F
            +---------+---------+-------+---------+---------+-------
      Total |     740 |     253 |  25.5 |      90 |      26 |  22.4
            +---------+---------+-------+---------+---------+-------
        D:1 |      45 |       2 |   4.3 |      27 |       1 |   3.6
        D:2 |      49 |      63 |  56.2 |      21 |      11 |  34.4
        D:3 |      90 |      34 |  27.4 |      18 |      13 |  41.9
        D:4 |     556 |     154 |  21.7 |      24 |       1 |   4.0
            +---------+---------+-------+---------+---------+-------
